 Dungeon Crawl Stone Soup version 0.31-a0-231-g51bb95cda3 (webtiles) character file.

Game seed: 3741831650063009883

788 qw the Skirmisher (level 7, 0/41 HPs)
             Began as a Gargoyle Hexslinger on July 6, 2023.
             Was an Initiate of Okawaru.
             Slain by a gnoll sergeant
             ... wielding a +0 spear
              (8 damage)
             ... on level 5 of the Dungeon.
             The game lasted 00:01:10 (3571 turns).

qw the Skirmisher (Gargoyle Hexslinger)             Turns: 3571, Time: 00:01:10

Health: 0/41       AC: 11    Str: 11    XL:     7   Next: 87%
Magic:  8/8        EV: 15    Int: 14    God:    Okawaru [......]
Gold:   232        SH:  0    Dex: 14    Spells: 7/8 levels left

rFire   . . .        Y - +1 sling
rCold   . . .        (no shield)
rNeg    + . .        g - +0 ring mail
rPois   inf          (no helmet)
rElec   +            (no cloak)
rCorr   .            (no gloves)
SInv    .            i - +0 pair of boots
Will    .....        (no amulet)
Stlth   +            b - +4 ring of slaying {mikee}
HPRegen 0.26/turn    a - +5 ring of evasion
MPRegen 0.11/turn

%: no passive effects
@: no status effects
A: sickness immunity, AC +4, negative energy resistance 1, electricity
resistance, torment resistance 1, petrification resistance
a: Renounce Religion


You were on level 5 of the Dungeon.
You worshipped Okawaru.
Okawaru was noncommittal.
You visited 2 branches of the dungeon, and saw 6 of its levels.

You collected 232 gold pieces.


Innate Abilities, Weirdness & Mutations

You are immune to sickness and miasma.
Your stone body is resilient. (AC +4)
You are immune to poison.
You resist negative energy. (rN+)
You are resistant to electric shocks. (rElec)
You are resistant to unholy torment.
You are immune to petrification.


   Skills:
 + Level 3.4 Fighting
 - Level 8.0 Ranged Weapons
 - Level 1.0 Armour
 - Level 1.5 Dodging
 - Level 1.0 Spellcasting
 - Level 2.6 Hexes


You had 7 spell levels left.
You knew the following spells:

 Your Spells              Type           Power      Damage    Failure   Level
a - Slow                  Hex            32%        N/A       21%         1

Your spell library contained the following spells:

 Spells                   Type           Power      Damage    Failure   Level
 Inner Flame              Hex/Fire       4%         N/A       71%         3
 Portal Projectile        Hex/Tloc       8%         N/A       71%         3
 Cause Fear               Hex            4%         N/A       90%         4

Inventory:

Hand Weapons
 Y - a +1 sling (weapon)
Armour
 g - a +0 ring mail (worn)
 i - a +0 pair of boots (worn)
Jewellery
 a - a +5 ring of evasion (right hand)
 b - a +4 ring of slaying (left hand) {mikee}
Potions
 d - 2 potions of enlightenment
 e - a potion of curing
 h - a potion of might {unknown}
 j - a potion of resistance {unknown}

Dungeon Overview and Level Annotations

Branches:
Dungeon (5/15)             Temple (1/1) D:4

Altars:
Ashenzari
Cheibriados
Dithmenos
Fedhas
Hepliaklqana
Makhleb
Nemelex Xobeh
Okawaru
Ru
Sif Muna
Trog
Uskayaw
Vehumet
Wu Jian
Yredelemnul
The Shining One

Shops:
D:1 !*[


Message History

The water moccasin is moderately wounded.
The water moccasin barely misses you.
The water moccasin completely misses you.
The gnoll hits you with a +0 flail.
A gnoll comes into view. It is wielding a +0 flail.
The gnoll sergeant barely misses you. The gnoll closely misses you.
You shoot a sling bullet.
The sling bullet closely misses the water moccasin.
The sling bullet closely misses the gnoll.
The water moccasin bites you but does no damage.
The gnoll hits you but does no damage.
The gnoll sergeant hits you but does no damage.
The gnoll misses you. The water moccasin closely misses you.
You shoot a sling bullet.
The sling bullet closely misses the water moccasin.
The sling bullet completely misses the gnoll.
The sling bullet hits the gnoll.
The gnoll is moderately wounded.
The water moccasin bites you but does no damage.
The gnoll misses you. The gnoll barely misses you.
The gnoll sergeant hits you but does no damage.
You shoot a sling bullet.
The sling bullet closely misses the water moccasin.
The sling bullet completely misses the gnoll.
The sling bullet hits the gnoll.
The gnoll is almost dead.
The water moccasin bites you but does no damage.
The gnoll hits you but does no damage. x2; The gnoll sergeant barely misses you.
The water moccasin bites you but does no damage.
You shoot a sling bullet.
The sling bullet hits the water moccasin.
The water moccasin is heavily wounded.
The water moccasin bites you. The gnoll hits you with a +0 flail.
The gnoll sergeant hits you but does no damage.
The gnoll misses you. The water moccasin closely misses you.
You shoot a sling bullet.
The sling bullet hits the water moccasin!
The water moccasin is severely wounded.
The gnoll sergeant hits you from afar with a +0 spear!
You die...

... ... ..#
#.######
#S.....##
#gg......
#).....# ##@#
#gS#
##gg......
........#
......##.#
.......#
..........
............
####.........


You could see a water moccasin, a gnoll sergeant, 4 gnolls and an adder.

Vanquished Creatures
  Pikel (D:4)
  A lemure (D:4)
  A scorpion (D:3)
  A jelly (D:4)
  A sleepcap (D:4)
  Natasha (thrice) (D:4)
  An iguana (D:4)
  2 gnolls (D:5)
  An adder (D:3)
  An ufetubus (D:4)
  2 dart slugs
  2 orcs (D:3)
  11 endoplasms
  2 giant cockroaches (D:1)
  2 goblins
  5 hobgoblins
  4 jackals
  4 quokkas
  6 ball pythons
  3 bats
  3 frilled lizards
  6 kobolds
  3 rats
66 creatures vanquished.

Notes
Turn   | Place    | Note
-------+----------+-------------------------------------------
     0 | D:1      | qw the Gargoyle Hexslinger began the quest for the Orb.
     0 | D:1      | Reached XP level 1. HP: 12/12 MP: 2/2
     0 | D:1      | 0 ||| qw: Version: 0.3-a-46-gb1f654a
     0 | D:1      | 0 ||| qw: Game counter: 1850
     0 | D:1      | 0 ||| qw: Melee chars always use a shield: true
     0 | D:1      | 0 ||| qw: God list: Okawaru
     0 | D:1      | 0 ||| qw: Allow faded altars: false
     0 | D:1      | 0 ||| qw: Do Orc after clearing Dungeon:15 true
     0 | D:1      | 0 ||| qw: Do second Lair branch before Depths: true
     0 | D:1      | 0 ||| qw: Lair rune preference: random
     0 | D:1      | 0 ||| qw: Goals: Normal
     0 | D:1      | 0 ||| PLANNING D:1-11
   139 | D:1      | Found Hicaunes's Distillery.
   144 | D:1      | 144 ||| SHOPLISTING potion of curing (36 gold, have 0).
   144 | D:1      | 144 ||| SHOPLISTING potion of experience (600 gold, have
                  | 0).
   144 | D:1      | 144 ||| SHOPLISTING potion of haste (120 gold, have 0).
   144 | D:1      | 144 ||| SHOPLISTING potion of heal wounds (60 gold, have
                  | 0).
   144 | D:1      | 144 ||| SHOPLISTING potion of might (48 gold, have 0).
   250 | D:1      | Reached XP level 2. HP: 15/16 MP: 3/3
   438 | D:1      | Found Bixzoah's Assorted Antiques.
   451 | D:1      | 451 ||| SHOPLISTING bubbling white potion (26 gold, have
                  | 15).
   451 | D:1      | 451 ||| SHOPLISTING emerald ring (145 gold, have 15).
   451 | D:1      | 451 ||| SHOPLISTING jade-encrusted ring mail (261 gold,
                  | have 15).
   451 | D:1      | 451 ||| SHOPLISTING ring mail (116 gold, have 15).
   451 | D:1      | 451 ||| SHOPLISTING sapphire potion (26 gold, have 15).
   451 | D:1      | 451 ||| SHOPLISTING scroll labelled JOUJELYCISH (29 gold,
                  | have 15).
   451 | D:1      | 451 ||| SHOPLISTING scroll labelled JUVAASTR QUAT (29 gold,
                  | have 15).
   451 | D:1      | 451 ||| SHOPLISTING scroll labelled ZAYTUT TIYN (29 gold,
                  | have 15).
   454 | D:1      | Reached skill level 3 in Ranged Weapons
   693 | D:1      | Found Vaedutwi's Antique Armour Boutique.
   698 | D:1      | 698 ||| SHOPLISTING runed cloak (210 gold, have 20).
   698 | D:1      | 698 ||| SHOPLISTING runed leather armour (140 gold, have
                  | 20).
   698 | D:1      | 698 ||| SHOPLISTING runed robe (103 gold, have 20).
   769 | D:1      | 769 ||| UPGRADING to +0 ring mail.
   779 | D:1      | 779 ||| DROPPING +0 robe.
   780 | D:1      | 780 ||| READING scroll labelled SIATSE KEAFI.
   785 | D:1      | 785 ||| DRINKING 2 amethyst potions.
   786 | D:1      | 786 ||| DROPPING scroll of poison.
   816 | D:2      | 816 ||| STAIRDANCE
   819 | D:1      | Reached XP level 3. HP: 13/21 MP: 4/4
   864 | D:2      | 864 ||| STAIRDANCE
  1232 | D:2      | 1232 ||| UPGRADING to +0 pair of boots.
  1237 | D:2      | 1237 ||| UPGRADING to +4 ring of slaying {mikee}.
  1238 | D:2      | 1238 ||| READING scroll labelled DIGULEI HAURO.
  1239 | D:2      | 1239 ||| READING scroll labelled VOEREDA QABRIM.
  1240 | D:2      | 1240 ||| READING scroll labelled UKOLEL HOBOAR.
  1419 | D:3      | Found a faded altar of an unknown god.
  1459 | D:3      | Reached skill level 1 in Armour
  1545 | D:3      | Noticed a scorpion
  1556 | D:3      | Killed a scorpion
  1557 | D:3      | Reached skill level 4 in Ranged Weapons
  1557 | D:3      | Reached XP level 4. HP: 15/26 MP: 5/5
  1557 | D:3      | Reached XP level 5. HP: 17/30 MP: 6/6
  2050 | D:3      | 2050 ||| UPGRADING to +5 ring of evasion.
  2051 | D:3      | 2051 ||| DRINKING 3 sedimented red potions.
  2101 | D:4      | Reached skill level 5 in Ranged Weapons
  2349 | D:4      | Noticed Natasha
  2357 | D:4      | Killed Natasha
  2358 | D:4      | Reached skill level 3 in Fighting
  2557 | D:4      | Noticed Natasha
  2562 | D:4      | Killed Natasha
  2563 | D:4      | Reached XP level 6. HP: 37/37 MP: 7/7
  2761 | D:4      | Noticed Natasha
  2773 | D:4      | Killed Natasha
  2832 | D:4      | Found a staircase to the Ecumenical Temple.
  2833 | D:4      | 2833 ||| PLANNING TEMPLE
  2833 | D:4      | 2833 ||| DROPPING +4 ring of protection.
  2834 | D:4      | 2834 ||| DRINKING 2 fizzy brown potions.
  2835 | D:4      | 2835 ||| DROPPING potion of attraction.
  2841 | Temple   | Entered the Ecumenical Temple
  2899 | Temple   | 2899 ||| PLANNING OKAWARU WORSHIP
  2954 | Temple   | Became a worshipper of Warmaster Okawaru
  2955 | Temple   | 2955 ||| PLANNING D:1-11
  3055 | D:4      | Noticed Pikel
  3074 | D:4      | HP: 3/37 [Pikel/+1 whip of flaming (7)]
  3074 | D:4      | HP: 1/37 [Pikel/+1 whip of flaming (2)]
  3075 | D:4      | 3075 ||| READING scroll of teleportation.
  3077 | D:4      | Killed Pikel
  3078 | D:4      | Reached skill level 8 in Ranged Weapons
  3078 | D:4      | Reached XP level 7. HP: 2/41 MP: 8/8
  3548 | D:5      | Entered Level 5 of the Dungeon
  3549 | D:5      | 3549 ||| PLANNING OSSUARY
  3570 | D:5      | HP: 8/41 [gnoll/+0 flail (4)]
  3571 | D:5      | Slain by a gnoll sergeant

Levels and vault maps discovered:
D:1:      shiori_shiawase, layout_basic, serial_shops, nicolae_shop_stone,
          nicolae_shop_back_alley_shop,
          nicolae_shop_temple_entry_statues_fountains, serial_forest,
          infiniplex_forest_clump_medium, infiniplex_forest_lined_corner,
          infiniplex_forest_straight_2, infiniplex_forest_clump_long,
          infiniplex_forest_fountain
D:2:      layout_rooms
D:3:      layout_loops_corners, hellmonk_ecumenical_altar_blasted
D:4:      layout_basic, minmay_temple_entry_enclosed_plants,
          minmay_gold_behind_fungi, uniq_pikel, uniq_natasha,
          uniq_crazy_yiuf_cottage
D:5:      layout_basic, nicolae_ossuary_entry_catacombs, chequers_jeans,
          kennysheep_generic_room_13
Temple:   nicolae_temple_superstar

Skill      XL: |  1  2  3  4  5  6 |
---------------+-------------------+-----
Ranged Weapons | 3 4 5 8 |  8.0
Fighting       | 2 3 |  3.4
Armour         | 1 |  1.0
Dodging        | |  1.5
Spellcasting   | |  1.0
Hexes          | |  2.6

Action                     |  1- 3 |  4- 6 |  7- 9 || total
---------------------------+-------+-------+-------++-------
   Fire: Sling             |   116 |   103 |    29 ||   248
    Use: Scroll            |     4 |     1 |       ||     5
         Potion            |     1 |     2 |       ||     3
 Armour: Robe              |     5 |       |       ||     5
         Ring mail         |    33 |    18 |    20 ||    71
  Dodge: Dodged            |    48 |    43 |    33 ||   124

Table legend:
 A = Non-vault XP
 B = Vault XP
 C = Vault XP percentage of total XP
 D = Non-vault monster count
 E = Vault monster count
 F = Vault count percentage of total count
                 A         B        C        D         E       F
            +---------+---------+-------+---------+---------+-------
      Total |     418 |     708 |  62.9 |      63 |       2 |   3.1
            +---------+---------+-------+---------+---------+-------
        D:1 |      37 |       0 |   0.0 |      20 |       0 |   0.0
        D:2 |      25 |       0 |   0.0 |      16 |       0 |   0.0
        D:3 |     115 |       0 |   0.0 |       9 |       0 |   0.0
        D:4 |     214 |     708 |  76.8 |      16 |       2 |  11.1
        D:5 |      27 |       0 |   0.0 |       2 |       0 |   0.0
            +---------+---------+-------+---------+---------+-------
